 Dungeon Crawl Stone Soup version 0.29-a0-378-gc08b2e8bf8 (webtiles) character file.

Game seed: 11350488591900347670

54 spaghetti the Spear-Bearer (level 3, -4/46 HPs)
             Began as a Gnoll Wanderer on May 4, 2022.
             Was a Follower of Uskayaw.
             Slain by Jessica
             ... wielding a +0 club
              (6 damage)
             ... on level 3 of the Dungeon.
             The game lasted 00:03:00 (1473 turns).

spaghetti the Spear-Bearer (Gnoll Wanderer)         Turns: 1473, Time: 00:03:01

Health: -4/46      AC:  4    Str: 12    XL:     3   Next: 91%
Magic:  2/7        EV: 11    Int: 15    God:    Uskayaw [*.....]
Gold:   187        SH:  0    Dex: 14    Spells: 3/7 levels left

rFire   . . .      SeeInvis .   a - +2 spear {polearm}
rCold   . . .      Faith    .   (no shield)
rNeg    . . .      Spirit   .   d - +0 leather armour
rPois   .          Reflect  .   b - +0 helmet
rElec   .          Harm     .   (no cloak)
rCorr   .          Rampage  .   (no gloves)
Will    .....                   (no boots)
Stlth   ..........              (no amulet)
HPRegen 0.15/turn               i - ring of wizardry
MPRegen 0.10/turn               p - +6 ring of intelligence

@: berserking, very quick
A: fangs 1, strong nose, distributed training
a: Renounce Religion, Stomp


You were on level 3 of the Dungeon.
You worshipped Uskayaw.
Uskayaw was noncommittal.
You visited 1 branch of the dungeon, and saw 3 of its levels.

You collected 187 gold pieces.


Innate Abilities, Weirdness & Mutations

You have very sharp teeth.
Your uncanny sense of smell can sniff out nearby items.
Your experience applies equally to all skills.


   Skills:
 + Level 4.6 Fighting
 + Level 1.0 Short Blades
 + Level 1.0 Long Blades
 + Level 1.0 Axes
 + Level 1.0 Maces & Flails
 + Level 8.5 Polearms
 + Level 1.0 Staves
 + Level 1.0 Slings
 + Level 1.0 Bows
 + Level 1.0 Crossbows
 + Level 2.6 Throwing
 + Level 1.0 Armour
 + Level 1.0 Dodging
 + Level 2.4 Stealth
 + Level 1.0 Shields
 + Level 1.0 Unarmed Combat
 + Level 2.9 Spellcasting
 + Level 0.7 Conjurations
 + Level 0.7 Hexes
 + Level 0.7 Summonings
 + Level 0.7 Necromancy
 + Level 0.7 Translocations
 + Level 0.7 Transmutations
 + Level 0.7 Fire Magic
 + Level 0.7 Ice Magic
 + Level 0.7 Air Magic
 + Level 0.7 Earth Magic
 + Level 2.1 Poison Magic
 + Level 1.0 Invocations
 + Level 1.0 Evocations


You had 3 spell levels left.
You knew the following spells:

 Your Spells              Type           Power      Damage    Failure   Level
a - Sting                 Tmut/Pois      24%        1d4       6%          1
b - Ignite Poison         Fire/Tmut/Pois 5%         N/A       19%         3

Your spell library contained the following spells:

 Spells                   Type           Power      Damage    Failure   Level
 Corpse Rot               Necr/Air       8%         N/A       12%         2
 Dispel Undead            Necr           4%         3d7       56%         4
 Death Channel            Necr           2%         N/A       100%        6

Inventory:

Hand Weapons
 a - a +2 spear (weapon) {polearm}
Missiles
 g - 22 stones (quivered) {throwing}
Armour
 b - a +0 helmet (worn)
 d - a +0 leather armour (worn)
Jewellery
 i - a ring of wizardry (left hand)
   (You found it on level 1 of the Dungeon)
 p - a +6 ring of intelligence (right hand)
   (You found it on level 3 of the Dungeon)
Scrolls
 e - 2 scrolls of enchant armour {unknown}
 h - a scroll of noise {unknown}
 j - 5 scrolls of identify {unknown}
 l - a scroll of teleportation {unknown}
 n - a scroll of brand weapon {unknown}
Potions
 f - a potion of curing {unknown}
 k - a potion of cancellation {unknown}
 m - 2 potions of mutation {unknown}
 o - a potion of lignification {unknown}

Dungeon Overview and Level Annotations

Branches:
Dungeon (3/15)

Altars:
Uskayaw

Annotations:
D:3 Jessica

#.#.######..#
#.#..##.....#
#.#.# #..#
#.#.^#####..#
##.#.######<.#
#...........#####
.........[...#
###.......†......
##.#.#####.###
#.#.####.######
#......##.#
####.#..###.######
###.##.##.#
#................#
#.# ##)#
#{#####..##.###...
#.# #.# #@#
#......# . #.# #.#
#.# #.#.#### #.#
#.# ... #.#.# ∆
#.# #.# <#.#.
#.#.# #.#
.....(...#.# #.#
## #.# ####.# #.#
... #.# #.# #.


There were no monsters in sight!


Message History

You throw a stone {throwing}.
The stone {throwing} barely misses Jessica.
You reach to attack!
You closely miss Jessica.
Jessica drinks a potion.
Jessica flickers and vanishes!
Deactivating autopickup; reactivate with Ctrl-A.
Casting: Sting (safe; 6% risk of failure)
Confirm with . or Enter, or press ? or * to list all spells.
You can't see any susceptible monsters within range! (Use Z to cast anyway.)
Okay, then.
Unknown command.
Casting: Sting (safe; 6% risk of failure)
Confirm with . or Enter, or press ? or * to list all spells.
Aiming: Sting (safe; 6% risk of failure)
Press: ? - help, Shift-Dir - straight line You hear some strange, mumbled words. 😎 MP[-1]
You lost 1 mp, and now have 6/7 mp.
Casting: Sting (safe; 6% risk of failure)
Confirm with . or Enter, or press ? or * to list all spells.
Aiming: Sting (safe; 6% risk of failure)
Press: ? - help, Shift-Dir - straight line You hear some strange, mumbled words. 😎 MP[-1]
You lost 1 mp, and now have 5/7 mp.
Casting: Sting (safe; 6% risk of failure)
Confirm with . or Enter, or press ? or * to list all spells.
Aiming: Sting (safe; 6% risk of failure)
Press: ? - help, Shift-Dir - straight line 😎 MP[-1]
You lost 1 mp, and now have 4/7 mp.
Casting: Sting (safe; 6% risk of failure)
Confirm with . or Enter, or press ? or * to list all spells.
Aiming: Sting (safe; 6% risk of failure)
Press: ? - help, Shift-Dir - straight line You hear some strange, mumbled words.
Something hits you. 😕 HP[-2] MP[-1]
You take 2 damage, and now have 29/31 hp.
You lost 1 mp, and now have 3/7 mp.
Casting: Sting (safe; 6% risk of failure)
Confirm with . or Enter, or press ? or * to list all spells.
Aiming: Sting (safe; 6% risk of failure)
Press: ? - help, Shift-Dir - straight line Something hits you. 😕 HP[-2] MP[-1]
You take 2 damage, and now have 27/31 hp.
You lost 1 mp, and now have 2/7 mp.
Casting: Sting (safe; 6% risk of failure)
Confirm with . or Enter, or press ? or * to list all spells.
Aiming: Sting (safe; 6% risk of failure)
Press: ? - help, Shift-Dir - straight line Something hits you. x2 😮 HP[-8] MP[-1]
You take 8 damage, and now have 19/31 hp.
MASSIVE DAMAGE!! (PAUSE)
You lost 1 mp, and now have 1/7 mp.
You barely miss something. Your bite misses something.
You hear some strange, mumbled words.
Something tries to affect you, but you resist.
You hit something. Something hits you. 😮 HP[-2]
You take 2 damage, and now have 17/31 hp.
You completely miss something.
You hear some strange, mumbled words.
Something tries to affect you, but you resist. 😮 HP[+1]
You closely miss something. Something hits you but does no damage.
Unknown command.
Unknown command.
You barely miss something. Something hits you. 😮 HP[-2]
You take 2 damage, and now have 16/31 hp.
You miss something. Something hits you.
* * * LOW HITPOINT WARNING * * *
😨 HP[-6] MP[+1]
You take 6 damage, and now have 10/31 hp.
Unknown command.
Unknown command.
Really quaff
c - a potion of berserk rage {!q}?
A red film seems to cover your vision as you go berserk!
You feel yourself moving faster!
You feel mighty! Something hits you.
* * * LOW HITPOINT WARNING * * *
You now have 46 max hp (+15).
There is a strange disturbance nearby!
You closely miss something. Something hits you.
* * * LOW HITPOINT WARNING * * *
😱 HP[-1]
You take 1 damage, and now have 9/46 hp.
You hit something. Something hits you.
* * * LOW HITPOINT WARNING * * *
😱 HP[-4]
You take 4 damage, and now have 5/46 hp.
You closely miss something. You miss something. Something hits you.
* * * LOW HITPOINT WARNING * * *
😱 HP[-3]
You take 3 damage, and now have 2/46 hp.
You closely miss something. Your bite misses something. Something hits you.
You die...

Skill      XL: |  1  2  3 |
---------------+----------+-----
Poison Magic   | 2 |  2.1
Invocations    | 1 |  1.0
Short Blades   | 1 |  1.0
Long Blades    | 1 |  1.0
Axes           | 1 |  1.0
Maces & Flails | 1 |  1.0
Staves         | 1 |  1.0
Slings         | 1 |  1.0
Bows           | 1 |  1.0
Crossbows      | 1 |  1.0
Armour         | 1 |  1.0
Dodging        | 1 |  1.0
Shields        | 1 |  1.0
Unarmed Combat | 1 |  1.0
Evocations     | 1 |  1.0
Fighting       | |  4.6
Polearms       | |  8.5
Throwing       | |  2.6
Stealth        | |  2.4
Spellcasting   | |  2.9
Conjurations   | |  0.7
Hexes          | |  0.7
Summonings     | |  0.7
Necromancy     | |  0.7
Translocations | |  0.7
Transmutations | |  0.7
Fire Magic     | |  0.7
Ice Magic      | |  0.7
Air Magic      | |  0.7
Earth Magic    | |  0.7

Action                   || total
-------------------------++-------
Melee: Spear             ||    83
       Bite              ||     4
       Punch             ||     1
Throw: Stone             ||    36
 Cast: Sting             ||    19
  Use: Potion            ||     1
 Stab: Sleeping          ||     3
       Distracted        ||     1
Armor: Leather armour    ||    15
Dodge: Dodged            ||    16

Levels and vault maps discovered:
D:1:      eino_arrival_cavern_b, layout_basic
D:2:      layout_rooms, dreamdust_ecumenical_altar_sealed_demon,
          nicolae_concentric_dashed_squares_mild, serial_bayou_lake_a
D:3:      layout_loops_ring, dreamdust_divine_triumvirate, uniq_jessica

Notes
Turn   | Place    | Note
-------+----------+-------------------------------------------
     0 | D:1      | spaghetti the Gnoll Wanderer began the quest for the Orb.
     0 | D:1      | spaghetti set off with the following items: a +2 spear
                  | {polearm}, a +0 helmet, a potion of berserk rage {!q}, a +0
                  | leather armour; and the following spell memorised: Sting;
                  | and the following spells available to memorise: Ignite
                  | Poison
     0 | D:1      | Reached XP level 1. HP: 20/20 MP: 4/4
     0 | D:1      | magus.rc [v1.9.6]
   121 | D:1      | Reached skill level 2 in Poison Magic
   225 | D:1      | Reached XP level 2. HP: 26/26 MP: 5/5
   426 | D:1      | You fall into a shaft and drop 1 floor!
   455 | D:2      | Reached XP level 3. HP: 20/31 MP: 4/7
   768 | D:2      | Reached skill level 1 in Invocations
  1025 | D:2      | You pick up a book of Decay and begin reading...
  1025 | D:2      | You add the spells Corpse Rot, Dispel Undead and Death
                  | Channel to your library.
  1206 | D:2      | Found a faded altar of an unknown god.
  1206 | D:2      | Noticed a Brimstone Fiend
  1214 | D:2      | Prayed at the altar of an unknown god.
  1214 | D:2      | Became a worshipper of Uskayaw the Reveller
  1214 | D:2      | Reached * piety under Uskayaw
  1246 | D:3      | Reached ** piety under Uskayaw
  1346 | D:3      | Reached skill level 1 in Short Blades
  1346 | D:3      | Reached skill level 1 in Long Blades
  1346 | D:3      | Reached skill level 1 in Axes
  1346 | D:3      | Reached skill level 1 in Maces & Flails
  1346 | D:3      | Reached skill level 1 in Staves
  1346 | D:3      | Reached skill level 1 in Slings
  1346 | D:3      | Reached skill level 1 in Bows
  1346 | D:3      | Reached skill level 1 in Crossbows
  1346 | D:3      | Reached skill level 1 in Armour
  1346 | D:3      | Reached skill level 1 in Dodging
  1346 | D:3      | Reached skill level 1 in Shields
  1346 | D:3      | Reached skill level 1 in Unarmed Combat
  1346 | D:3      | Reached skill level 1 in Evocations
  1424 | D:3      | Learned a level 3 spell: Ignite Poison
  1452 | D:3      | Noticed Jessica
  1468 | D:3      | HP: 10/46 [something (5)]
  1472 | D:3      | HP: 2/46 [something (3)]
  1473 | D:3      | Slain by Jessica

Vanquished Creatures
  A gnoll (D:1)
  3 worms
  3 ball pythons
  6 bats
  3 endoplasms
  A giant cockroach (D:2)
  4 goblins
  3 hobgoblins
  2 quokkas
  5 kobolds
31 creatures vanquished.

Vanquished Creatures (others)
  2 demonic plants (D:2)
  5 plants (D:2)
7 creatures vanquished.

Grand Total: 38 creatures vanquished

Table legend:
 A = Non-vault XP
 B = Vault XP
 C = Vault XP percentage of total XP
 D = Non-vault monster count
 E = Vault monster count
 F = Vault count percentage of total count
                 A         B        C        D         E       F
            +---------+---------+-------+---------+---------+-------
      Total |      78 |       0 |   0.0 |      31 |       0 |   0.0
            +---------+---------+-------+---------+---------+-------
        D:1 |      31 |       0 |   0.0 |      10 |       0 |   0.0
        D:2 |      34 |       0 |   0.0 |      16 |       0 |   0.0
        D:3 |      13 |       0 |   0.0 |       5 |       0 |   0.0
            +---------+---------+-------+---------+---------+-------

Illustrated notes

Table legend:
 A = Kills in this place as a percentage of kills in entire the game.
 B = Kills by you in this place as a percentage of kills by you in the entire game.
 C = Kills by friends in this place as a percentage of kills by friends in the entire game.
 D = Other kills in this place as a percentage of other kills in the entire game.
 E = Experience gained in this place as a percentage of experience gained in the entire game.
 F = Experience gained in this place divided by the number of levels of this place that you have seen.
                   A       B       C       D       E      F
               +-------+-------+-------+-------+-------+----------------------
         Total | 100.0 | 100.0 |   N/A |   N/A | 100.0 |  26.0
       Dungeon | 100.0 | 100.0 |   N/A |   N/A | 100.0 |  26.0
               +-------+-------+-------+-------+-------+----------------------

Table legend: (Time is in decaauts)
 A = Elapsed time spent in this place.
 B = Non-inter-level travel time spent in this place.
 C = Inter-level travel time spent in this place.
 D = Time resting spent in this place.
 E = Time spent auto-exploring this place.
 F = Levels seen in this place.
 G = Mean time per level.
                   A        B        C        D        E       F      G
               +--------+--------+--------+--------+--------+-----+--------+
         Total |   1464 |   1445 |     19 |    290 |    914 |   3 |  488.0 |
       Dungeon |   1464 |   1445 |     19 |    290 |    914 |   3 |  488.0 |
               +--------+--------+--------+--------+--------+-----+--------+

Top non-repeatable levels by time:
     D:2: 893 daAuts
     D:1: 419 daAuts
     D:3: 150 daAuts
